 Dungeon Crawl Stone Soup version 0.32-a0-975-g85d4e5bfdb (webtiles) character file.

Game seed: 9019289582672213330

18120 Revguard the Blocker (level 12, -21/75 HPs)
             Began as a Gargoyle Fighter on Apr 19, 2024.
             Was a Believer of the Shining One.
             Killed from afar by a deep elf pyromancer (36 damage)
             ... with a bolt of fire
             ... on level 12 of the Dungeon.
             The game lasted 00:22:09 (9057 turns).

Revguard the Blocker (Gargoyle Fighter)             Turns: 9057, Time: 00:22:10

Health: -21/75     AC: 27    Str: 22    XL:     12   Next: 55%
Magic:  17/17      EV:  7    Int: 10    God:    the Shining One [**....]
Gold:   1183       SH: 16    Dex: 11    Spells: 11/11 levels left

rFire   . . .        s - +2 war axe (flame)
rCold   . . .        c - +1 buckler
rNeg    + + +        e - +0 plate armour
rPois   ∞            p - +0 helmet
rElec   +            (no cloak)
rCorr   +            f - +2 pair of gloves
SInv    .            (no boots)
Will    .....        C - amulet of regeneration Stlth
                     z - ring of resist corrosion
HPRegen 1.12/turn    t - ring of positive energy
MPRegen 0.15/turn

%: no passive effects
@: on fire, divinely shielded, glowing
A: sickness immunity, AC +8, negative energy resistance 1, electricity
resistance, torment resistance 1, petrification resistance
a: Renounce Religion, Divine Shield


You were on level 12 of the Dungeon.
You worshipped the Shining One.
The Shining One was pleased with you.
You visited 2 branches of the dungeon, and saw 13 of its levels.
You also visited: Bailey.

You collected 1183 gold pieces.

Inventory:

Hand Weapons
 d - a +0 broad axe
 s - a +2 war axe of flaming (weapon)
 v - a +1 flail of holy wrath
Missiles
 E - 2 throwing nets (quivered)
Armour
 c - a +1 buckler (worn)
 e - a +0 plate armour (worn)
 f - a +2 pair of gloves (worn)
 p - a +0 helmet (worn)
Jewellery
 q - a ring of fire
 t - a ring of positive energy (right hand)
 z - a ring of resist corrosion (left hand)
 C - an amulet of regeneration (around neck)
 F - a ring of ice
 G - a +6 ring of intelligence
Wands
 a - a wand of paralysis (17)
 g - a wand of flame (27)
 n - a wand of digging (6)
 D - a wand of light (5)
Scrolls
 b - 5 scrolls of fog
 j - 2 scrolls of revelation
 l - 3 scrolls of fear
 m - a scroll of butterflies
 o - 3 scrolls of identify
 r - a scroll of enchant armour
 u - 3 scrolls of poison
 y - a scroll of teleportation
Potions
 h - 4 potions of brilliance
 i - a potion of resistance
 k - 3 potions of curing
 w - 2 potions of magic
 x - 5 potions of heal wounds
 A - a potion of enlightenment
 B - a potion of invisibility
 H - a potion of might
 I - a potion of haste


   Skills:
 * Level 8.8 Fighting
 * Level 9.1 Axes
 + Level 8.2 Armour
 + Level 5.5 Dodging
 + Level 10.7 Shields
 + Level 7.4 Invocations
 + Level 6.0 Evocations


You had 11 spell levels left.
You didn't know any spells.
Your spell library contained the following spells:

 Spells                   Type           Power      Damage    Failure   Level
 Apportation              Tloc           0%         N/A       100%        1
 Call Imp                 Summ           0%         N/A       100%        2
 Jinxbite                 Hex            0%         N/A       100%        2
 Call Canine Familiar     Summ           0%         N/A       100%        3
 Sigil of Binding         Hex            0%         N/A       100%        3
 Tukima's Dance           Hex            0%         N/A       100%        3
 Anguish                  Hex/Necr       0%         N/A       100%        4
 Cause Fear               Hex            0%         N/A       100%        4
 Dimensional Bullseye     Hex/Tloc       0%         N/A       100%        4
 Iskenderun's Mystic Bla Conj/Tloc 0%             2d3        (+2d1     100%        4
 Alistair's Intoxication  Alch           0%         N/A       100%        5
 Yara's Violent Unravell  Hex/Alch       0%         3d3       100%        5
 Enfeeble                 Hex            0%         N/A       100%        7
 Summon Hydra             Summ           0%         N/A       100%        7
 Sublimation of Blood     Necr           Unusable   N/A       N/A         2

Dungeon Overview and Level Annotations

Branches:
Dungeon (12/15)            Temple (1/1) D:7            Lair (0/5) D:11
    Orc (0/2) D:9          Bailey (visited)

Altars:
Ashenzari
Cheibriados
Dithmenos
Elyvilon
Fedhas
Gozag
Hepliaklqana
Kikubaaqudgha
Makhleb
Nemelex Xobeh
Okawaru
Qazlal
Ru
Sif Muna
Trog
Uskayaw
Vehumet
Wu Jian
Xom
Yredelemnul
Zin
The Shining One

Shops:
D:8 :


Innate Abilities, Weirdness & Mutations

You are immune to sickness and miasma.
Your stone body is resilient. (AC +8)
You are immune to poison.
You resist negative energy. (rN+)
You are resistant to electric shocks. (rElec)
You are resistant to unholy torment.
You are immune to petrification.


Message History

You block the kobold demonologist's attack.
You block the ufetubus's attack.
The ufetubus hits you but does no damage.
The deep elf zephyrmancer mumbles some strange words.
The deep elf zephyrmancer blinks!
The ufetubus slips past you! The ufetubus closely misses you.
The ufetubus hits you but does no damage.
Aiming: Bolt of Light
Press: ? - help, Shift-Dir - straight line, f/p - deep elf zephyrmancer
Aim: a deep elf zephyrmancer, wielding a +0 short sword (moderately wounded, 64% to hit)
The bolt of light hits the deep elf pyromancer!!
The deep elf pyromancer is heavily wounded.
The deep elf pyromancer is blinded.
The bolt of light hits the deep elf zephyrmancer!!
You kill the deep elf zephyrmancer!
The ufetubus hits you but does no damage. x3
You block the ufetubus's attack.
You block the kobold demonologist's attack.
The deep elf pyromancer gestures at you while chanting.
The pyre arrow hits you.
You are covered in intense liquid fire!
The ufetubus hits you but does no damage.
The ufetubus barely misses you. The ufetubus hits you.
The ufetubus hits you but does no damage.
You hit the kobold demonologist but do no damage.
You hit the ufetubus. You burn the ufetubus. You hit the white imp.
You burn the white imp.
You barely miss the deep elf pyromancer.
You closely miss the ufetubus. The liquid fire burns you!
* * * LOW HITPOINT WARNING * * *
The fire elemental disappears in a puff of smoke!
You block the ufetubus's attack. x2
The kobold demonologist hits you but does no damage.
The ufetubus hits you but does no damage. x2
The deep elf zephyrmancer mumbles some strange words.
The deep elf zephyrmancer blinks!
The deep elf pyromancer casts a spell at you.
The bolt of fire hits you!!!
You die...

...:...#.##..###.#.........
..!....#......#<...........
#..[....# #................
.#.[...§.# ###.>............
.....##☼°## ##.............
..##.°°#)####..............
#....e°E##................
##.#.#☼Ee55...#...........
......#☼#@...#..........(.
.....#.###.K5.##............
.....#. ##...# ..#.... ...
|... .. .#.#...#..... ...
...... ...#.... #. . ... ..
#... #....##. .... ....
..... .... ... .... ....
....


You could see a deep elf pyromancer (blind, unable to see you), a deep elf
zephyrmancer, a kobold demonologist, 2 fire elementals, a white imp (summoned)
and 2 ufetubi.

Vanquished Creatures
  Gastronok (D:8)
  Fannar (D:10)
  2 vault guards (Bailey)
  A boulder beetle (D:11)
  A two-headed ogre (D:11)
  A deep elf pyromancer (D:12)
  A deep elf zephyrmancer (D:12)
  A manticore (D:11)
  An ugly thing (D:12)
  Maggie (D:7)
  2 kobold demonologists (D:11)
  3 trolls
  A hornet (D:7)
  Prince Ribbit (Bailey)
  A shadow (D:11)
  A wyvern (D:11)
  A vampire (D:10)
  18 yaks
  5 humans (Bailey)
  4 steam dragons
  Edmund (D:4)
  3 acid dragons
  A water moccasin (D:7)
  Duvessa (D:7)
  5 ice beasts
  4 orc warriors
  2 black bears
  3 sky beasts
  4 ogres (D:9)
  5 centaurs
  A phantom (D:5)
  3 kobold brigands
  12 bullfrogs
  2 gnoll sergeants
  4 scorpions
  3 wights (D:9)
  Dowan (D:7)
  6 killer bees (D:8)
  6 howler monkeys
  4 jellies
  2 bombardier beetles (D:4)
  A hound (D:4)
  2 gnoll boudas
  5 orc priests
  2 sleepcaps
  Ijyb (D:4)
  3 iguanas
  9 orc wizards
  Robin (D:3)
  11 adders
  20 gnolls
  2 white imps
  3 dart slugs
  3 ribbon worms
  37 orcs
  2 ball pythons
  8 endoplasms
  5 giant cockroaches
  26 goblins
  6 hobgoblins
  4 jackals (D:1)
  11 kobolds
  7 quokkas
  5 bats
  A frilled lizard (D:2)
  A rat (D:3)
  A butterfly (D:9)
298 creatures vanquished.

Vanquished Creatures (others)
  A deep elf zephyrmancer (D:12)
1 creature vanquished.

Grand Total: 299 creatures vanquished

Notes
Turn   | Place    | Note
-------+----------+-------------------------------------------
     0 | D:1      | Revguard the Gargoyle Fighter began the quest for the Orb.
     0 | D:1      | Reached XP level 1. HP: 14/14 MP: 1/1
    35 | D:1      | Reached XP level 2. HP: 8/19 MP: 2/2
   379 | D:1      | Found a faded altar of an unknown god.
   387 | D:1      | Reached XP level 3. HP: 15/23 MP: 3/3
   655 | D:2      | Reached skill level 1 in Evocations
   659 | D:2      | Reached XP level 4. HP: 13/28 MP: 4/4
   663 | D:2      | Reached skill level 4 in Shields
   663 | D:2      | Reached skill level 1 in Invocations
   663 | D:2      | Found a sacrificial altar of Ru.
  1100 | D:2      | Reached XP level 5. HP: 29/32 MP: 5/5
  1392 | D:3      | Found an opulent altar of Gozag.
  1452 | D:3      | Reached skill level 1 in Dodging
  1571 | D:3      | Noticed Robin
  1581 | D:3      | Killed Robin
  1697 | D:3      | Reached XP level 6. HP: 37/38 MP: 7/7
  2038 | D:4      | Noticed Ijyb
  2063 | D:4      | Killed Ijyb
  2192 | D:4      | Found a snail-covered altar of Cheibriados.
  2201 | D:4      | Reached XP level 7. HP: 43/43 MP: 8/8
  2214 | D:4      | Noticed Edmund
  2226 | D:4      | Reached skill level 5 in Shields
  2229 | D:4      | Killed Edmund
  2371 | D:4      | Found a sparkling altar of Nemelex Xobeh.
  2414 | D:4      | Found a glowing golden altar of the Shining One.
  2605 | D:4      | Became a worshipper of the Shining One
  2796 | D:5      | Entered Level 5 of the Dungeon
  2951 | D:5      | Reached XP level 8. HP: 36/48 MP: 10/10
  3196 | D:5      | Reached skill level 6 in Shields
  3415 | D:5      | Identified a scroll of acquirement
  3415 | D:5      | Acquired 572 gold pieces
  3460 | D:6      | Reached skill level 5 in Fighting
  3631 | D:6      | Reached skill level 5 in Armour
  3880 | D:6      | Found a shadowy altar of Dithmenos.
  4026 | D:7      | Reached skill level 5 in Axes
  4026 | D:7      | Reached XP level 9. HP: 49/54 MP: 11/11
  4078 | D:7      | Noticed a hornet
  4089 | D:7      | Killed a hornet
  4192 | D:7      | Reached skill level 7 in Shields
  4366 | D:7      | Noticed Maggie
  4376 | D:7      | Killed Maggie
  4571 | D:7      | Found a staircase to the Ecumenical Temple.
  4622 | Temple   | Entered the Ecumenical Temple
  4653 | D:7      | Reached * piety under the Shining One
  4783 | D:7      | Noticed Duvessa
  4784 | D:7      | Noticed Dowan
  4789 | D:7      | Killed Duvessa
  4790 | D:7      | Killed Dowan
  5122 | D:8      | Reached XP level 10. HP: 49/60 MP: 13/13
  5169 | D:8      | Noticed Gastronok
  5173 | D:8      | Reached skill level 8 in Shields
  5208 | D:8      | Killed Gastronok
  5209 | D:8      | Reached skill level 5 in Invocations
  5223 | D:8      | Found a flagged portal.
  5228 | Bailey   | Entered a bailey
  5366 | Bailey   | Noticed a vault guard
  5366 | Bailey   | Noticed Prince Ribbit
  5381 | Bailey   | Killed a vault guard
  5381 | Bailey   | Killed Prince Ribbit
  5382 | Bailey   | Reached skill level 9 in Shields
  5436 | Bailey   | Noticed a vault guard
  5457 | Bailey   | Killed a vault guard
  5458 | Bailey   | Reached XP level 11. HP: 28/67 MP: 15/15
  5771 | D:8      | Found a burning altar of Makhleb.
  5775 | D:8      | Noticed a balrug
  5821 | D:8      | Found a glowing silver altar of Zin.
  5821 | D:8      | Noticed an angel
  6352 | D:8      | Found Risor's Book Shoppe.
  6607 | D:9      | Found a basalt altar of Yredelemnul.
  6651 | D:9      | Reached skill level 5 in Evocations
  6696 | D:9      | Found a white marble altar of Elyvilon.
  6779 | D:9      | Found a staircase to the Orcish Mines.
  6779 | D:9      | Reached ** piety under the Shining One
  6926 | D:9      | Found a shimmering altar of Xom.
  7295 | D:10     | Entered Level 10 of the Dungeon
  7520 | D:10     | Noticed Fannar
  7535 | D:10     | Killed Fannar
  7610 | D:10     | Reached skill level 10 in Shields
  7619 | D:10     | Reached skill level 5 in Dodging
  8052 | D:10     | Reached XP level 12. HP: 72/73 MP: 17/17
  8291 | D:11     | Noticed a boulder beetle
  8324 | D:11     | Killed a boulder beetle
  8365 | D:11     | Found a staircase to the Lair.
  8514 | D:11     | Noticed a two-headed ogre
  8523 | D:11     | Killed a two-headed ogre
  8617 | D:11     | Identified the +8 long sword of Purpose {flame, ^Fragile
                  | Will+ rCorr Int+4}
  9057 | D:12     | Killed from afar by a deep elf pyromancer

Illustrated notes

Levels and vault maps discovered:
D:1:      minmay_arrival_pointy, layout_rooms,
          hellmonk_ecumenical_altar_dog_temple, feat_on_display
D:2:      minmay_chambers_of_twos, layout_loops_ring, basic_altar
D:3:      layout_basic, lemuel_crystal_altar, chequers_serial_rivers_small_b,
          uniq_robin
D:4:      layout_basic, lemuel_tele_altar, lemuel_round_altar, slow_altar_1,
          uniq_ijyb, uniq_edmund
D:5:      layout_rooms, nrook_pool_corridor
D:6:      layout_rooms, kennysheep_mini_moat, st_stairs_7
D:7:      layout_layer_cave, minmay_temple_entry_stoned_glass, uniq_duvessa,
          uniq_maggie
D:8:      layout_loops_ring, grunt_temple_overflow_order_and_chaos_2,
          enter_bailey_3, serial_shops, shop, solitary_fountain,
          minmay_door_square, uniq_gastronok
D:9:      layout_basic, kennysheep_ying_yang, xom_butterflies,
          kennysheep_orc_monster_closet_entryway
D:10:     layout_gridville, uniq_fannar
D:11:     layout_long_grid, lair_entry_dummy
D:12:     layout_cross, elves_outpost_lemuel
Temple:   nicolae_temple_bog_church

Skill      XL: |  1  2  3  4  5  6  7  8  9 10 11 12 |
---------------+-------------------------------------+-----
Axes           | 2 3 4 5 6 7 8 9 |  9.1
Evocations     | 1 2 3 4 5 6 |  6.0
Shields        | 4 5 6 7 9 10 | 10.7
Invocations    | 1 2 3 4 5 6 7 |  7.4
Dodging        | 1 2 3 4 5 |  5.5
Fighting       | 4 5 6 7 8 |  8.8
Armour         | 4 5 6 7 8 |  8.2

Action                     |  1- 3 |  4- 6 |  7- 9 | 10-12 || total
---------------------------+-------+-------+-------+-------++-------
  Melee: War axe           |    82 |   186 |   192 |   414 ||   874
 Invoke: Divine Shield     |       |       |       |     2 ||     2
  Evoke: Wand              |       |       |     6 |    12 ||    18
    Use: Scroll            |       |     4 |    14 |     2 ||    20
         Potion            |       |     3 |       |     4 ||     7
 Armour: Scale mail        |    10 |       |       |       ||    10
         Chain mail        |    73 |    71 |       |       ||   144
         Plate armour      |       |   169 |   243 |   442 ||   854
  Dodge: Dodged            |    47 |    81 |    55 |   147 ||   330
  Block: Buckler           |    27 |    42 |    77 |   173 ||   319

Table legend: (Time is in decaauts)
 A = Elapsed time spent in this place.
 B = Non-inter-level travel time spent in this place.
 C = Inter-level travel time spent in this place.
 D = Time resting spent in this place.
 E = Time spent auto-exploring this place.
 F = Levels seen in this place.
 G = Mean time per level.
                   A        B        C        D        E       F      G
               +--------+--------+--------+--------+--------+-----+--------+
         Total |   9252 |   9005 |    247 |    115 |   6622 |  14 |  660.9 |
       Dungeon |   8714 |   8467 |    247 |      0 |   6384 |  12 |  726.2 |
        Temple |      1 |      1 |      0 |      0 |      0 |   1 |    1.0 |
        Bailey |    536 |    536 |      0 |    115 |    238 |   1 |  536.0 |
               +--------+--------+--------+--------+--------+-----+--------+

Top non-repeatable levels by time:
     D:7: 1132 daAuts
     D:8: 937 daAuts
     D:4: 923 daAuts
    D:10: 906 daAuts
     D:2: 859 daAuts
     D:9: 733 daAuts
     D:5: 651 daAuts
    D:11: 620 daAuts
     D:1: 590 daAuts
     D:6: 568 daAuts
     D:3: 538 daAuts
  Bailey: 536 daAuts
    D:12: 252 daAuts
  Temple: 1 daAuts
